 Dungeon Crawl Stone Soup version 0.30-a0-371-gad7725a93e (webtiles) character file.

Game seed: 5385050826599473305

70 bande the Covered (level 4, 0/29 HPs)
             Began as a Gargoyle Fighter on Nov 21, 2022.
             Slain by a jackal (2 damage)
             ... on level 3 of the Dungeon.
             The game lasted 00:01:58 (1465 turns).

bande the Covered (Gargoyle Fighter)                Turns: 1465, Time: 00:01:58

Health: 0/29       AC: 10    Str: 20    XL:     4   Next: 22%
Magic:  4/4        EV:  9    Int:  8    God:
Gold:   142        SH:  4    Dex: 11    Spells: 3/3 levels left

rFire   . . .      SeeInvis .    p - +4 war axe
rCold   . . .      Faith    .    c - +0 buckler
rNeg    + . .      Spirit   .    b - +0 scale mail
rPois   ∞          Reflect  .    (no helmet)
rElec   +          Harm     .    (no cloak)
rCorr   .          Rampage  .    (no gloves)
Will    .....                    (no boots)
Stlth   ..........               (no amulet)
HPRegen 0.24/turn                (no ring)
MPRegen 0.09/turn                (no ring)

@: no status effects
A: sickness immunity, AC +3, negative energy resistance 1, electricity
resistance, torment resistance 1, petrification resistance
a: no special abilities


You were on level 3 of the Dungeon.
You visited 1 branch of the dungeon, and saw 3 of its levels.

You collected 142 gold pieces.

Inventory:

Hand Weapons
 a - a +0 war axe
 p - a +4 war axe (weapon)
Armour
 b - a +0 scale mail (worn)
 c - a +0 buckler (worn)
Scrolls
 f - a scroll of identify {unknown}
 i - a scroll of brand weapon {unknown}
 j - a scroll of poison {unknown}
 l - a scroll of teleportation {unknown}
 o - a scroll of acquirement {unknown}
Potions
 d - a potion of might
 e - a potion of degeneration {unknown}
 g - 2 potions of attraction {unknown}
 h - 2 potions of invisibility {unknown}
 k - a potion of curing {unknown}
 m - a potion of haste {unknown}
 n - a potion of heal wounds {unknown}


   Skills:
 + Level 3.8 Fighting
 + Level 2.7 Axes
 + Level 4.0 Armour
 + Level 3.6 Shields


You had 3 spell levels left.
You didn't know any spells.
Your spell library was empty.

Dungeon Overview and Level Annotations

Branches:
Dungeon (3/15)

Altars:


Innate Abilities, Weirdness & Mutations

You are immune to sickness and miasma.
Your stone body is resilient. (AC +3)
You are immune to poison.
You resist negative energy. (rN+)
You are resistant to electric shocks. (rElec)
You are resistant to unholy torment.
You are immune to petrification.


Message History

You hit Terence.
Terence is almost dead.
Terence hits you with a +0 trident!
* * * LOW HITPOINT WARNING * * *
You hit Terence.
You kill Terence!
Your Armour skill increases to level 4!
You have reached level 4!
You feel stronger.
You start resting.
A jackal comes into view.
A jackal is nearby!
A jackal is nearby!
The jackal barks!
You hear a bark!
A jackal comes into view.
You hear an angry hiss.
Things that are here:
a +0 trident; a +0 scale mail; the human corpse of Terence A jackal comes into view.
The jackal bites you.
* * * LOW HITPOINT WARNING * * *
The jackal bites you but does no damage.
You slash the jackal!
You kill the jackal!
The jackal bites you but does no damage.
You completely miss the jackal.
The jackal bites you but does no damage.
You closely miss the jackal.
A jackal comes into view.
You block the jackal's attack.
The jackal bites you but does no damage.
You hit the jackal.
The jackal is almost dead.
The jackal bites you but does no damage.
The jackal bites you.
* * * LOW HITPOINT WARNING * * *
You slash the jackal!
You kill the jackal!
The jackal bites you.
You die...

#####
..##############.....
..
.....(....@hh........[.
.#
..#############........
#.#.. #.
#..>.....#[$.... #.#.#
#.# ####.######## .....
..#.# #.###....# ....
..#.# #.##..#### ...
....###....## # .?
.........#####.... .
....###.........#


You could see 2 jackals.

Vanquished Creatures
  Terence (D:3)
  2 adders (D:2)
  3 ball pythons
  2 endoplasms
  3 giant cockroaches
  A goblin (D:2)
  3 hobgoblins
  4 jackals
  A quokka (D:2)
  A bat (D:2)
  2 frilled lizards (D:2)
  3 kobolds
  2 rats (D:1)
28 creatures vanquished.

Notes
Turn   | Place    | Note
-------+----------+-------------------------------------------
     0 | D:1      | bande the Gargoyle Fighter began the quest for the Orb.
     0 | D:1      | Reached XP level 1. HP: 14/14 MP: 1/1
   243 | D:1      | Reached XP level 2. HP: 17/19 MP: 2/2
   805 | D:2      | Reached XP level 3. HP: 23/23 MP: 3/3
  1441 | D:3      | Noticed Terence
  1451 | D:3      | Killed Terence
  1452 | D:3      | Reached skill level 4 in Armour
  1452 | D:3      | Reached XP level 4. HP: 3/29 MP: 4/4
  1465 | D:3      | Slain by a jackal

Illustrated notes

Levels and vault maps discovered:
D:1:      minmay_arrival_widening_spiral_wide, layout_rooms
D:2:      layout_loops_ring, kennysheep_potato
D:3:      layout_rooms, uniq_terence, uniq_natasha

Skill      XL: |  1  2  3 |
---------------+----------+-----
Axes           | 2 |  2.7
Armour         | 4 |  4.0
Fighting       | |  3.8
Shields        | |  3.6

Action                   |  1- 3 |  4- 6 || total
-------------------------+-------+-------++-------
Melee: War axe           |   103 |     5 ||   108
Armor: Scale mail        |    55 |     5 ||    60
Dodge: Dodged            |    46 |       ||    46
Block: Buckler           |    29 |     1 ||    30

Table legend: (Time is in decaauts)
 A = Elapsed time spent in this place.
 B = Non-inter-level travel time spent in this place.
 C = Inter-level travel time spent in this place.
 D = Time resting spent in this place.
 E = Time spent auto-exploring this place.
 F = Levels seen in this place.
 G = Mean time per level.
                   A        B        C        D        E       F      G
               +--------+--------+--------+--------+--------+-----+--------+
         Total |   1510 |   1463 |     47 |      5 |   1173 |   3 |  503.3 |
       Dungeon |   1510 |   1463 |     47 |      5 |   1173 |   3 |  503.3 |
               +--------+--------+--------+--------+--------+-----+--------+

Top non-repeatable levels by time:
     D:2: 825 daAuts
     D:1: 523 daAuts
     D:3: 162 daAuts
